 Dungeon Crawl Stone Soup version 0.30-a0-23-ge60ba3568b (webtiles) character file.

Game seed: 13356555552872109562

28013 jlumianski the Cleaver (level 13, -4/98 HPs)
             Began as a Demonspawn Gladiator on Aug 24, 2022.
             Was an Elder of Qazlal.
             Killed from afar by a starcursed mass (8 damage)
             ... with an accursed screaming
             ... on level 1 of the Abyss.
             The game lasted 01:08:50 (16033 turns).

jlumianski the Cleaver (Demonspawn Gladiator)      Turns: 16033, Time: 01:08:51

Health: -4/98      AC: 31    Str: 23    XL:     13   Next: 7%
Magic:  19/20      EV:  8    Int: 12    God:    Qazlal [****..]
Gold:   590        SH:  5    Dex: 14    Spells: 12/12 levels left

rFire   + . .      SeeInvis +    V - +7 battleaxe (vorpal)
rCold   + . .      Faith    .    (shield currently unavailable)
rNeg    . . .      Spirit   .    i - +0 plate armour
rPois   +          Reflect  .    c - +2 helmet
rElec   +          Harm     .    I - +0 cloak of Saphucer {+Blink Will+ Str+5}
rCorr   +          Rampage  .    (no gloves)
Will    +....                    l - +2 pair of boots
Stlth   ..........               (no amulet)
HPRegen 0.26/turn                D - ring of see invisible
MPRegen 0.17/turn                J - ring of resist corrosion

@: resistant, sanguine armoured, on blink cooldown, repel missiles
A: ignite blood 3, spiny 2, sanguine armour 2, weakness stinger 1
a: Renounce Religion, Evoke Blink, Upheaval, Elemental Force


You were on level 1 of the Abyss.
You worshipped Qazlal.
Qazlal was greatly pleased with you.
You visited 2 branches of the dungeon, and saw 13 of its levels.
You visited the Abyss 1 time.
You visited 1 bazaar.
You also visited: Bailey.

You collected 1097 gold pieces.
You spent 507 gold pieces at shops.

Inventory:

Hand Weapons
 L - the +6 spear "Orb Guardian's Peril" {vorpal, rPois rC- Str+5 Int+4}
   (You found it on level 7 of the Dungeon)

   It inflicts extra damage upon your enemies.
   Str:       It affects your strength (+5).
   Int:       It affects your intelligence (+4).
   rC:        It makes you vulnerable to cold.
   rPois:     It protects you from poison.
 O - the +10 longbow of Feghuigo {vorpal, rPois}
   (You acquired it on level 7 of the Dungeon)

   Any ammunition fired from it inflicts extra damage upon your enemies.
   rPois:     It protects you from poison.
 V - a +7 vorpal battleaxe (weapon)
Missiles
 d - 3 throwing nets (quivered)
 e - a javelin
 m - 9 boomerangs
 B - 13 poisoned darts
Armour
 c - a +2 helmet (worn)
 i - a +0 plate armour (worn)
 l - a +2 pair of boots (worn)
 I - the +0 cloak of Saphucer (worn) {+Blink Will+ Str+5}
   (You found it on level 11 of the Dungeon)

   Str:       It affects your strength (+5).
   +Blink:    It lets you blink.
   Will:      It increases your willpower.
Jewellery
 y - a ring of magical power
 D - a ring of see invisible (left hand)
 J - a ring of resist corrosion (right hand)
Wands
 z - a wand of quicksilver (16)
 M - a wand of roots (9)
Scrolls
 g - a scroll of silence
 k - 4 scrolls of teleportation
 o - a scroll of identify
 r - 2 scrolls of magic mapping
Potions
 a - a potion of magic
 h - 2 potions of ambrosia
 j - 3 potions of cancellation
 t - 3 potions of haste
 u - 3 potions of lignification
 w - 4 potions of curing
 A - 2 potions of resistance
 U - 4 potions of might
Miscellaneous
 b - a phantom mirror (inert)


   Skills:
 + Level 7.8 Fighting
 + Level 10.7 Axes
 + Level 7.6 Ranged Weapons
 + Level 2.4 Throwing
 + Level 8.8 Armour
 + Level 3.2 Dodging
 + Level 0.2 Stealth
 + Level 1.1 Shields
 * Level 10.2 Invocations
 * Level 8.6 Evocations


You had 12 spell levels left.
You didn't know any spells.
Your spell library contained the following spells:

 Spells                   Type           Power      Damage    Failure   Level
 Magic Dart               Conj           0%         1d3       99%         1
 Sandblast                Erth           0%         2d4       99%         1
 Slow                     Hex            0%         N/A       99%         1
 Call Imp                 Summ           0%         N/A       100%        2
 Passwall                 Tmut/Erth      0%         N/A       100%        2
 Dazzling Flash           Conj/Hex       0%         N/A       100%        3
 Inner Flame              Hex/Fire       0%         N/A       100%        3
 Mephitic Cloud           Conj/Pois/Air  0%         N/A       100%        3
 Ozocubu's Armour         Ice            0%         N/A       100%        3
 Spider Form              Tmut/Pois      0%         N/A       100%        3
 Stone Arrow              Conj/Erth      0%         3d7       100%        3
 Summon Guardian Golem    Hex/Summ       0%         N/A       100%        3
 Animate Dead             Necr           0%         N/A       100%        4
 Iskenderun's Mystic Bla  Conj/Tloc      0%         2d3       100%        4
 Petrify                  Tmut/Erth      0%         N/A       100%        4
 Blade Hands              Tmut           0%         N/A       100%        5
 Metabolic Englaciation   Hex/Ice        0%         N/A       100%        5
 Conjure Ball Lightning   Conj/Air       0%         3x3d6     100%        6
 Simulacrum               Ice/Necr       0%         N/A       100%        6
 Starburst                Conj/Fire      0%         6d3       100%        6
 Statue Form              Tmut/Erth      0%         N/A       100%        6
 Haunt                    Necr/Summ      0%         N/A       100%        7
 Discord                  Hex            0%         N/A       100%        8
 Disjunction              Tloc           0%         N/A       100%        8
 Infestation              Necr           0%         N/A       100%        8


Dungeon Overview and Level Annotations

Branches:
Dungeon (12/15)            Temple (1/1) D:7            Lair (0/5) D:11
    Orc (0/2) D:10         Bailey (visited)

Altars:
Ashenzari
Cheibriados
Dithmenos
Fedhas
Gozag
Kikubaaqudgha
Makhleb
Nemelex Xobeh
Okawaru
Qazlal
Ru
Sif Muna
Vehumet
Yredelemnul

Shops:
D:6 =   D:7 *


Innate Abilities, Weirdness & Mutations

Your demonic aura causes all spilled blood to erupt in flames.
You are mostly covered in sharp spines.
When seriously injured, your blood forms thick armour. (AC +9)
You have a small tail.


Message History

The raiju barks! x2
The raiju struggles against the net.
A starcursed mass comes into view.
You strike the helpless raiju from behind!
You slice the raiju!!
The raiju is heavily wounded.
The raiju struggles against the net.
A starcursed mass splits.
You catch the helpless raiju completely off-guard!
You slash the raiju!
The raiju is severely wounded.
You completely miss the starcursed mass.
The raiju struggles against the net.
A starcursed mass splits.
The starcursed mass is struck by your spines.
The starcursed mass touches you but does no damage.
The starcursed mass shudders and is absorbed by its neighbour.
You slash the raiju!
You kill the raiju!
Qazlal accepts your kill.
A starcursed mass splits.
A chorus of shrieks assaults your mind.
A starcursed mass splits.
The raiju bursts into living lightning!
The living lightning hits you!
* * * LOW HITPOINT WARNING * * *
The raiju blinks!
Okay, then.
Unknown command.
Okay, then.
Unknown command.
You feel protected.
A starcursed mass splits.
The starcursed mass touches you.
* * * LOW HITPOINT WARNING * * *
You block the raiju's attack.
The starcursed mass attacks as you move away!
The starcursed mass touches you!
* * * LOW HITPOINT WARNING * * *
The raiju is struck by your spines. The raiju barely misses you.
You blink.
A deafening chorus of shrieks assaults your mind!
You die... # . .... ... #. . .. .
X. # ...## X#X

## # .
..####.###..# #.
######.#X#.#..
#.....#..§X..#.#
.# .#..###h....#.
#
##..#..#.h#..☼##.
## .5......☼.@#.#
# .#..#..#...##
.##..#.#.##.... .
#..#.# ....... .
.#..#. #.....##
...#....
.#..#..#. . #.
#..


You could see 5 starcursed masses and 2 raiju.

Vanquished Creatures
  An orc warlord (Bailey)
  A rakshasa (Abyss:1)
  Amaemon (D:8)
  3 orc knights (Bailey)
  An ugly thing (D:11)
  A manticore (D:11)
  2 large abominations (Abyss:1)
  An orange demon (D:8)
  An unseen horror (D:12)
  A komodo dragon (D:11)
  An ancient zyme (Abyss:1)
  2 hornets
  2 trolls
  A raiju (Abyss:1)
  Grinder (D:4)
  Sigmund (D:3)
  A wraith (D:11)
  3 shadows
  32 yaks
  2 steam dragons
  7 vampire mosquitoes
  4 acid dragons
  3 water moccasins
  A sky beast (D:7)
  11 orc warriors
  An ice beast (D:5)
  3 black bears
  2 ogres
  10 centaurs
  3 phantoms
  2 kobold brigands
  A gnoll sergeant (D:3)
  A scorpion (D:8)
  A necrophage (D:5)
  3 bullfrogs
  A small abomination (Abyss:1)
  A water moccasin zombie (D:4)
  2 oklob saplings (D:8)
  5 killer bees (D:9)
  4 howler monkeys
  A bullfrog zombie (D:4)
  A centaur zombie (D:4)
  A jelly (D:4)
  3 orc priests
  2 gnoll boudas (D:5)
  6 hounds
  An iron imp (Abyss:1)
  Jessica (D:3)
  4 scorpion zombies (D:4)
  7 iguanas
  7 orc wizards
  A statue (D:7)
  8 ogre zombies (D:10)
  2 hound skeletons (D:4)
  2 hound zombies (D:4)
  A howler monkey zombie (D:4)
  Robin (D:3)
  19 gnolls
  A howler monkey skeleton (D:4)
  7 adders
  A shadow imp (D:6)
  A white imp (D:6)
  An ufetubus (Abyss:1)
  2 adder zombies (D:4)
  2 worms
  2 dart slugs
  37 orcs
  9 endoplasms
  6 giant cockroaches
  23 goblins
  16 hobgoblins
  8 jackals
  14 kobolds
  3 quokkas
  15 ball pythons
  3 bats
  A frilled lizard (D:2)
  2 goblin skeletons (D:10)
  3 goblin zombies (D:10)
  2 hobgoblin skeletons (D:10)
  A hobgoblin zombie (D:10)
  4 orc skeletons (D:10)
  13 orc zombies (D:10)
  5 rats
375 creatures vanquished.

Vanquished Creatures (others)
  A bush (D:8)
  21 plants
  A withered plant (D:4)
23 creatures vanquished.

Grand Total: 398 creatures vanquished

Notes
Turn   | Place    | Note
-------+----------+-------------------------------------------
     0 | D:1      | jlumianski the Demonspawn Gladiator began the quest for the
                  | Orb.
     0 | D:1      | Reached XP level 1. HP: 16/16 MP: 1/1
   493 | D:1      | Gained mutation: Your demonic aura sometimes causes spilled
                  | blood to erupt in flames. [demonic ancestry]
   493 | D:1      | Reached XP level 2. HP: 22/22 MP: 2/2
  1115 | D:2      | Reached skill level 1 in Armour
  1115 | D:2      | Gained mutation: When seriously injured, your blood forms
                  | armour. (AC +9) [demonic ancestry]
  1115 | D:2      | Reached XP level 3. HP: 22/27 MP: 3/3
  1643 | D:2      | Gained mutation: You are partially covered in sharp spines.
                  | [demonic ancestry]
  1643 | D:2      | Reached XP level 4. HP: 18/34 MP: 4/4
  2282 | D:3      | Noticed Sigmund
  2290 | D:3      | Killed Sigmund
  2291 | D:3      | Reached skill level 1 in Ranged Weapons
  2291 | D:3      | Gained mutation: When seriously injured, your blood forms
                  | thick armour. (AC +9) [demonic ancestry]
  2291 | D:3      | Reached XP level 5. HP: 40/40 MP: 5/5
  2316 | D:3      | Gained mutation: You have a small tail. [demonic ancestry]
  2316 | D:3      | Reached XP level 6. HP: 44/46 MP: 6/6
  2346 | D:3      | Noticed Robin
  2351 | D:3      | Killed Robin
  2407 | D:3      | Got the Omnibus of the Entrancing Traveller
  2500 | D:3      | Found a faded altar of an unknown god.
  2510 | D:3      | Noticed Jessica
  2514 | D:3      | Killed Jessica
  2674 | D:3      | Found a shimmering blue altar of Sif Muna.
  3031 | D:4      | Noticed Grinder
  3036 | D:4      | Paralysed by Grinder for 3 turns
  3047 | D:4      | Killed Grinder
  3048 | D:4      | Reached skill level 5 in Axes
  3048 | D:4      | Reached skill level 1 in Evocations
  3048 | D:4      | Reached XP level 7. HP: 47/52 MP: 7/7
  3466 | D:4      | Reached XP level 8. HP: 60/60 MP: 8/8
  3834 | D:5      | Entered Level 5 of the Dungeon
  3834 | D:5      | Found a blossoming altar of Fedhas.
  4894 | D:5      | Found a sparkling altar of Nemelex Xobeh.
  5194 | D:4      | Reached XP level 9. HP: 66/66 MP: 9/9
  5636 | D:5      | Reached skill level 5 in Armour
  5947 | D:6      | Found Nostrenan's Jewellery Boutique.
  6619 | D:7      | Found a staircase to the Ecumenical Temple.
  6629 | Temple   | Entered the Ecumenical Temple
  6676 | Temple   | Became a worshipper of Qazlal Stormbringer
  6924 | D:7      | Identified the +6 spear "Orb Guardian's Peril" {vorpal,
                  | rPois rC- Str+5 Int+4}
  7001 | D:6      | Reached skill level 5 in Fighting
  7225 | D:6      | Reached skill level 1 in Invocations
  7344 | D:6      | Found a snail-covered altar of Cheibriados.
  7509 | D:6      | Found an iron altar of Okawaru.
  8031 | D:7      | Reached skill level 5 in Evocations
  8039 | D:7      | Reached XP level 10. HP: 45/74 MP: 12/12
  8252 | D:8      | Found a flagged portal.
  8259 | Bailey   | Entered a bailey
  8408 | Bailey   | Noticed an orc knight
  8428 | Bailey   | Killed an orc knight
  8429 | Bailey   | Reached * piety under Qazlal
  8822 | Bailey   | Noticed an orc knight
  8840 | Bailey   | Killed an orc knight
  9173 | Bailey   | Noticed an orc knight
  9178 | Bailey   | Noticed an orc warlord
  9193 | Bailey   | Killed an orc knight
  9194 | Bailey   | Reached skill level 5 in Invocations
  9203 | Bailey   | Killed an orc warlord
  9618 | D:8      | Noticed Amaemon
  9618 | D:8      | Noticed an orange demon
  9642 | D:7      | Found a broken altar of Ashenzari.
  9758 | D:7      | Found a radiant altar of Vehumet.
  9958 | D:7      | Found Ympaoloz's Assorted Antiques.
  9990 | D:7      | Acquired 449 gold pieces
  9991 | D:7      | Acquired the +10 longbow of Feghuigo {vorpal, rPois}
 10827 | D:8      | Killed an orange demon
 10828 | D:8      | Gained mutation: Your demonic aura often causes spilled
                  | blood to erupt in flames. [demonic ancestry]
 10828 | D:8      | Reached XP level 11. HP: 71/81 MP: 15/15
 10830 | D:8      | Killed Amaemon
 10831 | D:8      | Reached skill level 5 in Ranged Weapons
 11020 | D:8      | Reached ** piety under Qazlal
 11124 | D:8      | Paralysed by a hornet for 3 turns
 11827 | D:8      | Gained mutation: Your demonic aura causes all spilled blood
                  | to erupt in flames. [demonic ancestry]
 11827 | D:8      | Reached XP level 12. HP: 89/89 MP: 18/18
 11876 | D:9      | Reached skill level 10 in Axes
 12018 | D:9      | Found a shadowy altar of Dithmenos.
 13042 | D:10     | Entered Level 10 of the Dungeon
 13122 | D:10     | Reached *** piety under Qazlal
 13658 | D:10     | Found a staircase to the Orcish Mines.
 13778 | D:10     | Reached **** piety under Qazlal
 14010 | D:10     | Found a sacrificial altar of Ru.
 14577 | D:11     | Found a flickering gateway to a bazaar.
 14596 | Bazaar   | Entered a bazaar
 14617 | Bazaar   | Found Vehubbasofa's Weapon Emporium.
 14641 | Bazaar   | Found Misut's Assorted Antiques.
 14641 | Bazaar   | Found Plog's Antique Weapon Emporium.
 14666 | Bazaar   | Found Fahusas's Jewellery Shoppe.
 14666 | Bazaar   | Found Ujalaezu's Assorted Antiques.
 14672 | Bazaar   | Bought a potion of heal wounds for 105 gold pieces
 14721 | Bazaar   | Bought a runed broad axe for 147 gold pieces
 14727 | Bazaar   | Bought a ring of see invisible for 255 gold pieces
 15379 | D:11     | Identified the +0 cloak of Saphucer {+Blink Will+ Str+5}
 15474 | D:11     | Found an opulent altar of Gozag.
 15549 | D:11     | Found a staircase to the Lair.
 15570 | D:11     | Got the Precepts of Permutations
 15801 | D:12     | Reached skill level 1 in Shields
 15801 | D:12     | Reached skill level 10 in Invocations
 15864 | Abyss:1  | Cast into level 1 of the Abyss (gargoyle)
 15922 | Abyss:1  | Noticed a rakshasa
 15941 | Abyss:1  | Killed a rakshasa
 15942 | Abyss:1  | Gained mutation: You are mostly covered in sharp spines.
                  | [demonic ancestry]
 15942 | Abyss:1  | Reached XP level 13. HP: 25/98 MP: 20/20
 16027 | Abyss:1  | Noticed a starcursed mass
 16032 | Abyss:1  | HP: 3/98 [starcursed mass (8)]
 16033 | Abyss:1  | Killed from afar by a starcursed mass

Illustrated notes

Levels and vault maps discovered:
D:1:      dpeg_arrival_renting, layout_basic
D:2:      minmay_diamond_boxcup, layout_basic, chequers_serial_rivers_micro_d
D:3:      layout_rooms, mainiacjoe_overflow_alcove_1,
          ebering_ecumenical_altar_webs, uniq_robin, uniq_jessica, uniq_sigmund
D:4:      layout_loops_ring, serial_undead, serial_undead_f, serial_undead_f,
          serial_undead_f, serial_undead_b, moated_statue, uniq_grinder
D:5:      layout_loops_corners, nemelex_dance_club_becter,
          mainiacjoe_overflow_catch_the_wave
D:6:      layout_rooms, lemuel_tele_altar, slow_altar_2, serial_shops,
          nicolae_square_shop
D:7:      layout_layer_cave, vehumet_statue, evilmike_ruin_ashenzari,
          minmay_temple_entry_tees, serial_shops, shop_coins
D:8:      layout_rooms, enter_bailey_2, introduction_to_nature_2, uniq_amaemon
D:9:      layout_cave_pods, nicolae_overflow_crystal_walls, chequers_mini_garden
D:10:     layout_loops_cross, nicolae_ru_sacrificial_ziggurat,
          zombieorc2_lemuel, chequers_serial_rivers_large_a,
          nicolae_zen_rock_garden
D:11:     layout_basic, david_lair_shrubbed, serial_shops, bzr_entry_water,
          grunt_gozag_statues
D:12:     layout_basic, grunt_decor_cap, kennysheep_generic_room_3
Temple:   hellmonk_temple_flake
Abyss:1:  base:
D:3

Skill      XL: |  1  2  3  4  5  6  7  8  9 10 11 12 |
---------------+-------------------------------------+-----
Dodging        | 3 |  3.2
Axes           | 3 4 5 7 8 9 10 | 10.7
Armour         | 1 2 3 4 6 7 8 |  8.8
Ranged Weapons | 1 3 4 6 7 |  7.6
Fighting       | 3 4 5 6 7 |  7.8
Evocations     | 1 2 3 5 6 7 8 |  8.6
Invocations    | 3 5 8 10 | 10.2
Throwing       | 2 |  2.4
Shields        | 1 |  1.1
Stealth        | |  0.2

Action                   |  1- 3 |  4- 6 |  7- 9 | 10-12 | 13-15 || total
-------------------------+-------+-------+-------+-------+-------++-------
Melee: War axe           |    84 |    63 |   175 |       |       ||   322
       Punch             |     2 |       |     3 |       |       ||     5
       Tailslap          |       |     5 |    45 |    50 |     3 ||   103
       Battleaxe         |       |       |    61 |   237 |    14 ||   312
 Fire: Sling             |    10 |    24 |    23 |       |       ||    57
       Longbow           |       |       |       |   111 |       ||   111
       Arbalest          |       |       |       |     6 |       ||     6
Throw: Throwing net      |     1 |       |       |       |     1 ||     2
       Boomerang         |     1 |       |     3 |     2 |       ||     6
 Abil: Evoke Blink       |       |       |       |       |     1 ||     1
Evoke: Wand              |       |     2 |     1 |    12 |       ||    15
       Phantom mirror    |       |       |       |     1 |       ||     1
  Use: Potion            |     1 |     5 |     2 |    12 |     1 ||    21
       Scroll            |       |    11 |     3 |    11 |       ||    25
 Stab: Held in net/web   |       |       |       |       |     2 ||     2
       Distracted        |       |       |       |       |     1 ||     1
Armor: Plate armour      |    58 |    61 |   226 |   149 |     3 ||   497
       Leather armour    |     1 |       |       |       |       ||     1
Dodge: Dodged            |    32 |    27 |    85 |    83 |     5 ||   232
       Repelled          |       |       |       |     3 |       ||     3
Block: Other             |       |       |       |    36 |     2 ||    38

Table legend: (Time is in decaauts)
 A = Elapsed time spent in this place.
 B = Non-inter-level travel time spent in this place.
 C = Inter-level travel time spent in this place.
 D = Time resting spent in this place.
 E = Time spent auto-exploring this place.
 F = Levels seen in this place.
 G = Mean time per level.
                   A        B        C        D        E       F      G
               +--------+--------+--------+--------+--------+-----+--------+
         Total |  16362 |  16202 |    160 |   3462 |   8243 |  16 | 1022.6 |
       Dungeon |  14692 |  14532 |    160 |   2561 |   8183 |  12 | 1224.3 |
        Temple |     60 |     60 |      0 |      0 |      0 |   1 |   60.0 |
         Abyss |    171 |    171 |      0 |     66 |      0 |   1 |  171.0 |
        Bazaar |    151 |    151 |      0 |      0 |     24 |   1 |  151.0 |
        Bailey |   1285 |   1285 |      0 |    835 |     36 |   1 | 1285.0 |
               +--------+--------+--------+--------+--------+-----+--------+

Top non-repeatable levels by time:
     D:7: 1769 daAuts
     D:5: 1599 daAuts
     D:8: 1550 daAuts
    D:10: 1511 daAuts
     D:2: 1492 daAuts
     D:9: 1492 daAuts
     D:4: 1339 daAuts
  Bailey: 1285 daAuts
     D:6: 1255 daAuts
     D:1: 955 daAuts
    D:11: 863 daAuts
     D:3: 765 daAuts
 Abyss:1: 171 daAuts
  Bazaar: 151 daAuts
    D:12: 98 daAuts
